 Dungeon Crawl Stone Soup version 0.20.0-10-g0535bb4 (webtiles) character file.

701375 Gorglomux the Slayer (level 27, -11/173 HPs)
             Began as a Gargoyle Summoner on June 2, 2017.
             Was the Champion of the Shining One.
             Killed from afar by Asmodeus (18 damage)
             ... with damnation
             ... on level 7 of Gehenna on June 3, 2017.
             The game lasted 02:49:45 (69121 turns).

Gorglomux the Slayer (Gargoyle Summoner)           Turns: 69121, Time: 02:49:45

Health: -11/173    AC: 55    Str: 21    XL:     27
Magic:  14/33      EV: 18    Int: 16    God:    the Shining One [******]
Gold:   2091       SH: 41    Dex: 10    Spells: 16/30 levels left

rFire    + + +     SeeInvis .   j - +9 sacred scourge (holy) {god gift}
rCold    . . .     Gourm    .   A - +1 large shield {AC+3}
rNeg     + + +     Faith    .   G - +0 fire dragon scales
rPois    ∞         Spirit   .   O - +4 hat of Midsummer {Slay+3}
rElec    +         Reflect  +   p - +2 cloak {MR+}
rCorr    .         Harm     .   y - +2 pair of gloves
MR       ++++.                  v - +0 pair of boots
Stlth    ..........             F - +5 amulet of reflection
Regen    0.4/turn               b - ring "Jilel" {rC+ MP-9 Slay+6}
MPRegen  0.3/turn               P - ring "Zyas" {rF++ MR+ MP+9}

@: divine shield, flying, glowing, studying 2 skills
A: big wings, dopey 1, frail 1, negative energy resistance 1, electricity
resistance, weak 1, unbreathing, petrification resistance, rot immunity, AC +20
}: 4/15 runes: decaying, slimy, abyssal, gossamer
a: Stop Flying, Divine Shield, Cleansing Flame, Summon Divine Warrior, Renounce
Religion


You were on level 7 of Gehenna.
You worshipped the Shining One.
The Shining One was exalted by your worship.
You were not hungry.

You visited 13 branches of the dungeon, and saw 60 of its levels.
You visited the Abyss 5 times.
You visited 1 bazaar.
You also visited: Ossuary, Bailey and Wizlab.

You collected 7110 gold pieces.
You spent 3326 gold pieces at shops.
You donated 1693 gold pieces to Zin.

Inventory:

Hand Weapons
 j - a +9 sacred scourge of holy wrath (weapon) {god gift}
Missiles
 g - 6 poisoned javelins (quivered) {god gift}
 l - 8 silver javelins
 Z - 2 throwing nets
Armour
 p - a +2 cloak of magic resistance (worn)
 v - a +0 pair of boots (worn)
 y - a +2 pair of gloves (worn)
 A - a +1 large shield of protection (worn)
 G - +0 fire dragon scales (worn)
 K - +0 ice dragon scales
 O - the +4 hat of Midsummer (worn) {Slay+3}
   (You acquired it on level 4 of the Depths)

   It affects your accuracy and damage with ranged weapons and melee attacks
   (+3).
Jewellery
 b - the ring "Jilel" (left hand) {rC+ MP-9 Slay+6}
   (You bought it in a shop in a bazaar)

   [ring of protection from cold]

   It affects your accuracy and damage with ranged weapons and melee attacks
   (+6).
   It protects you from cold.
   It affects your magic capacity (-9).
 f - an uncursed ring of protection from fire
 s - an uncursed ring of see invisible
 t - the ring of the Oligarchy {rCorr rElec rN+ MR+}
   (You found it on level 4 of the Depths)

   [ring of resist corrosion]

   It insulates you from electricity.
   It protects you from negative energy.
   It affects your resistance to hostile enchantments.
 F - a +5 amulet of reflection (around neck)
 I - the ring of Robustness {AC+8}
   (You took it off a deep elf blademaster on level 3 of the Elven Halls)

   [ring of protection]

   It affects your AC (+8).
 P - the ring "Zyas" (right hand) {rF++ MR+ MP+9}
   (You bought it in a shop in a bazaar)

   [ring of magical power]

   It greatly protects you from fire.
   It affects your resistance to hostile enchantments.
   It affects your magic capacity (+9).
Wands
 D - a wand of digging (5/24)
 L - a wand of acid (8/15)
Scrolls
 i - 2 scrolls of holy word
 k - 10 scrolls of fear
 m - 2 scrolls of silence
 o - a scroll of recharging
 r - 6 scrolls of immolation
 w - 5 scrolls of fog
 H - 23 scrolls of remove curse
 M - 3 scrolls of magic mapping
 N - 3 scrolls of summoning
 R - 10 scrolls of identify
 T - 16 scrolls of teleportation
Potions
 e - 7 potions of ambrosia
 h - 5 potions of might
 q - a potion of haste
 u - 6 potions of lignification
 x - 5 potions of cancellation
 Q - 17 potions of curing
 S - 2 potions of resistance
Books
 B - a manual of Evocations
 C - a manual of Throwing
Miscellaneous
 U - 2 boxes of beasts
 V - 3 phantom mirrors
 W - 2 sacks of spiders
 X - a lightning rod (4/4)
 Y - a lamp of fire
Comestibles
 c - 29 bread rations
 d - 61 fruits
 z - 3 meat rations
 J - 17 royal jellies


   Skills:
 + Level 25.0 Fighting
 - Level 16.2 Maces & Flails
 + Level 24.7 Armour
 + Level 18.3 Dodging
 - Level 2.1 Stealth
 + Level 23.0 Shields
 - Level 2.0 Spellcasting
 - Level 3.6 Summonings
 + Level 14.6 Invocations
 - Level 13.5 Evocations


You had 16 spell levels left.
You knew the following spells:

 Your Spells              Type           Power        Failure   Level  Hunger
a - Passwall              Tmut/Erth      #.........   56%         2    ###....
c - Call Canine Familiar  Summ           ##......     32%         3    ###....
d - Blink                 Tloc           N/A          56%         2    ###....
g - Passage of Golubria   Tloc           N/A          99%         4    #####..
W - Spectral Weapon       Hex/Chrm       #.......     80%         3    ###....


Dungeon Overview and Level Annotations

Branches:
Dungeon (15/15)            Temple (1/1) D:4            Lair (6/6) D:10
  Swamp (4/4) Lair:2       Spider (4/4) Lair:2        Slime (5/5) Lair:5
    Orc (2/2) D:10            Elf (3/3) Orc:2        Vaults (4/5) D:14
  Crypt (3/3) Vaults:3       Tomb (0/3) Crypt:3      Depths (5/5) D:15
   Hell (1/1)                 Dis (0/7) Hell            Geh (7/7) Hell
    Coc (0/7) Hell            Tar (0/7) Hell            Zot (0/5) Depths:5

Altars:
Ashenzari
Cheibriados
Dithmenos
Elyvilon
Fedhas
Gozag
Hepliaklqana
Kikubaaqudgha
Makhleb
Nemelex Xobeh
Okawaru
Qazlal
Ru
Sif Muna
Trog
Uskayaw
Vehumet
Xom
Yredelemnul
Zin
The Shining One
Jiyva

Shops:
D:6 (   D:7 (   D:8 [   D:10 (   D:15 :   Orc:2 *[[[   Elf:2 :   Depths:3 }}=
Depths:4 (:

Portals:
Hell: Depths:1 Depths:2 Depths:3 Depths:4 Depths:5
Abyss: Depths:1 Depths:4
Pandemonium: Depths:1 Depths:3 Depths:4
Ziggurat: Depths:3
Trove: D:15 (give 5 potions of resistance)

Annotations:
Depths:3 1 runed door
Geh:7 Asmodeus


Innate Abilities, Weirdness & Mutations

You are resistant to torment.
Your stone body is resilient. (AC +20)
You are immune to poison.
Your large and strong wings let you fly indefinitely.
You resist negative energy. (rN+)
You are resistant to electric shocks. (rElec)
You can survive without breathing.
You are immune to petrification.
You are immune to rotting.
You are dopey. (Int -2)
You are frail. (-10% HP)
You are weak. (Str -2)


Message History

Your daeva completely resists.
Your daeva is severely wounded.
The golden flame engulfs Asmodeus.
Asmodeus appears unharmed.
Asmodeus is heavily wounded.
You feel somewhat more hungry.
You are engulfed in blazing flames.
You resist. You block Asmodeus's attack.
Your daeva is engulfed in blazing flames.
Your daeva hits Asmodeus with a scimitar of holy wrath!
Asmodeus convulses.
Your daeva hits Asmodeus but does no damage.
Unknown command.
The golden flame engulfs you! The golden flame engulfs your daeva.
Your daeva completely resists.
Your daeva is severely wounded.
The golden flame engulfs Asmodeus.
Asmodeus writhes in agony!
Asmodeus is severely wounded.
You feel somewhat more hungry. Asmodeus gestures at you.
The sphere of damnation explodes!
The damnation engulfs you!
You die...

≈≈≈≈≈≈≈≈,,,,,,,,,,,.≈≈≈§≈≈≈§§.)..
≈≈≈≈≈≈≈≈,**********.≈§≈§≈≈§§§§§..
≈≈≈≈≈≈≈,,*****#####§§.≈≈§§§§§≈§..
≈≈≈≈≈≈,,,**,,,...##....≈§§§§§≈§≈.
≈≈≈≈≈≈,,,**,,,,..##....≈≈≈≈§≈≈§≈.
≈≈≈≈≈≈≈,,**,,,,..##...≈≈§≈§≈≈≈§≈≈
≈≈≈≈≈,,,*******#§#**#..≈≈≈§≈≈≈≈≈≈
≈≈≈≈,,,,*#######&####..≈§§§§§≈≈≈§
≈,,,,,,,*#.....§@A.##....≈≈§≈§≈§≈
,,,,,,,*##.....)...##......≈≈≈≈§§
,,,,,,,*#..........##.....§.§≈≈≈≈
*******##'##############..§.§§§§≈
*,,,,,,#..'.)..........#§§§...§§§
*,,,,,,#.#############'#§§≈≈...§≈
*,,,,,,#)#.............#..§≈..).§
*,,,,,,'.#......)......#.........
******##'#.............#.........


You could see Asmodeus and a friendly daeva.

Vanquished Creatures
  the Royal Jelly (Slime:5)
  A juggernaut (Depths:5)
  2 ancient liches
  Sojobo (Depths:4)
  Boris (Crypt:3)
  Saint Roka (Vaults:4)
  Frederick (Crypt:3)
  Margery (Depths:2)
  A caustic shrike (Depths:1)
  Geryon (Hell)
  2 golden dragons
  Jory (Depths:5)
  Nikola (Swamp:2)
  5 bone dragons
  A profane servitor (Abyss:5)
  the Enchantress (Depths:5)
  Arachne (Spider:3)
  A Tzitzimitl (Geh:6)
  13 Brimstone Fiends
  A Hell Sentinel (Abyss:3)
  A shard shrike skeleton (Crypt:3)
  4 tentacled monstrosities
  Rupert (D:13)
  8 liches
  A deep elf master archer (Elf:3)
  2 deep elf blademasters
  2 Executioners
  18 acid blobs
  9 ancient champions
  An acid blob (shapeshifter) (Vaults:2)
  21 tentacled starspawn
  A thorn hunter (Swamp:4)
  5 tengu reavers
  5 sphinxes
  Roxanne (Elf:2)
  5 revenants
  A storm dragon (Depths:5)
  Agnes (D:15)
  2 shadow dragons
  A draconian knight (Depths:5)
  10 azure jellies
  A daeva (Abyss:1)
  A draconian monk (Depths:5)
  12 fire giants
  6 deep elf sorcerers
  8 vault wardens
  3 iron dragons
  4 ghost moths
  7 frost giants
  6 cacodemons
  4 emperor scorpions (Spider:4)
  A caustic shrike zombie (WizLab)
  3 curse skulls
  4 balrugs
  Aizul (Vaults:4)
  13 ironheart preservers
  13 ghouls
  6 reapers
  Louise (Elf:2)
  A war gargoyle (Hell)
  6 deep elf elementalists
  An angel (Abyss:5)
  17 very ugly things
  4 spriggan defenders
  2 ophanim
  3 caustic shrike skeletons (Crypt:3)
  9 vampire knights
  A green draconian (Depths:5)
  30 stone giants
  7 deep elf demonologists
  A black draconian (Depths:5)
  An entropy weaver (Vaults:1)
  5 lorocyprocas
  10 spark wasps
  2 purple draconians (Depths:5)
  A white draconian (Depths:5)
  12 deep elf death magi
  4 ettins
  13 deep elf annihilators
  3 eidola
  5 quicksilver dragon zombies
  2 blizzard demons
  A green death (Abyss:1)
  A kraken zombie (Hell)
  2 crystal guardians
  Josephine (Lair:5)
  Erolcha (D:13)
  7 death oozes (Slime:5)
  17 yaktaur captains
  7 jiangshi
  16 fire dragons
  5 deep elf high priests
  A hell beast (Hell)
  17 great orbs of eyes
  Harold (Lair:1)
  8 rakshasas
  9 vault guards
  4 spriggan air magi
  A ghost crab (Swamp:3)
  4 quicksilver dragon skeletons
  17 ice dragons
  39 hydras
  17 ogre magi
  51 two-headed ogres
  6 death knights
  27 dancing weapons
  10 centaur warriors
  13 alligators
  Erica (D:9)
  11 deep troll shamans
  Urug (D:14)
  5 tengu warriors
  16 hell hogs
  10 deep troll earth magi
  7 vampire magi
  A spriggan berserker (Depths:5)
  26 thrashing horrors
  2 orc high priests
  2 titan zombies
  Nergalle (Orc:1)
  8 sun demons
  60 hell knights
  6 soul eaters
  The ghost of nikopol the Cleaver, a novice GrBe of Trog (D:10)
  24 deep elf knights
  A fire crab (shapeshifter) (Vaults:1)
  61 large abominations
  29 skeletal warriors
  10 iron trolls
  6 titan skeletons
  A fire crab (Geh:5)
  4 shadow wraiths
  15 wretched stars
  4 spatial maelstroms
  4 storm dragon skeletons
  A shadow demon (Abyss:3)
  2 ghost moth zombies
  An unseen horror (shapeshifter) (Vaults:4)
  3 unseen horrors
  17 swamp dragons
  35 deep trolls
  2 anaconda zombies
  A deep troll (shapeshifter) (Elf:2)
  A gelid demonspawn (Depths:1)
  11 glowing orange brains
  Pikel (D:5)
  2 golden dragon skeletons
  4 anaconda skeletons
  2 spriggan druids (Swamp:4)
  8 phantasmal warriors
  4 wizards
  10 orc knights
  A wolf spider zombie (Geh:1)
  6 flayed ghosts
  2 shambling mangroves (Swamp:4)
  20 deep elf archers
  19 necromancers
  16 ironbrand convokers
  3 sphinx zombies
  4 shadow dragon zombies
  2 harpies (shapeshifter)
  5 fire giant zombies
  14 harpies
  7 orc sorcerers
  18 orb spiders
  2 shadow dragon skeletons
  5 frost giant zombies
  2 mana vipers
  An oklob plant (Depths:2)
  90 deep elf magi
  11 cyclopes
  78 ugly things
  11 shining eyes
  A sphinx skeleton (Crypt:2)
  2 moths of wrath
  A demonspawn zombie (WizLab)
  5 stone giant zombies
  37 wolf spiders
  4 worldbinders
  2 salamanders
  4 black mambas
  5 elephants (Lair:6)
  A manticore (D:14)
  An apocalypse crab (Abyss:3)
  A black mamba (shapeshifter) (Abyss:5)
  3 iron dragon skeletons
  A guardian serpent (Abyss:3)
  2 rust devils
  5 frost giant skeletons
  4 stone giant skeletons
  2 toenail golems
  4 fire giant skeletons
  2 shock serpent skeletons
  5 eyes of devastation
  3 gargoyles
  2 naga magi (Abyss:3)
  6 orange demons
  13 molten gargoyles
  20 smoke demons
  12 vault sentinels
  2 yaktaur zombies (Hell)
  A torpor snail (Lair:4)
  A storm dragon simulacrum (Vaults:2)
  2 dire elephant skeletons (Crypt:3)
  8 spiny frogs
  2 emperor scorpion zombies
  10 hellions
  4 komodo dragons
  6 efreet
  15 freezing wraiths
  3 yaktaurs (shapeshifter)
  17 demonic crawlers
  9 ice devils
  2 rime drakes (Lair:6)
  3 human skeletons
  A spark wasp simulacrum (Depths:2)
  56 yaktaurs
  7 guardian mummies (Crypt:3)
  6 tormentors
  4 tengu conjurers
  A grey draconian skeleton (Crypt:2)
  27 jumping spiders
  2 harpy zombies
  12 trolls
  2 trolls (shapeshifter)
  10 polar bears
  4 hellwings
  12 ancient zymes
  A death drake zombie (Crypt:1)
  A yaktaur skeleton (Vaults:4)
  15 red devils
  6 tyrant leeches
  5 meliai (Abyss:5)
  2 hydra zombies
  A queen bee (Abyss:5)
  27 hornets
  Grinder (D:5)
  A minotaur skeleton (Geh:5)
  127 slime creatures
  7 ice dragon zombies
  Prince Ribbit (D:9)
  A harpy skeleton (Geh:7)
  4 hydra skeletons
  2 blink frogs (Abyss:3)
  2 ettin zombies
  7 hippogriffs
  2 hornets (shapeshifter)
  4 spriggan zombies
  A fire giant simulacrum (Vaults:4)
  2 hippogriffs (shapeshifter)
  A guardian serpent zombie (Crypt:3)
  13 bog bodies
  A human simulacrum (Vaults:1)
  A stone giant simulacrum (Vaults:4)
  34 raiju
  A snapping turtle (shapeshifter) (Depths:1)
  2 fire dragon skeletons
  3 ice dragon skeletons
  A frost giant simulacrum (Abyss:4)
  9 shadows
  2 air elementals (Depths:5)
  2 alligator skeletons
  2 centaur simulacra
  A deep troll zombie (Hell)
  4 ettin skeletons
  38 flying skulls
  Sigmund (D:6)
  9 ynoxinuls
  A redback (shapeshifter) (Elf:1)
  7 spriggans
  24 tarantellas
  A vampire (D:12)
  67 redbacks
  2 fire bats (Abyss:3)
  22 wraiths
  A human (D:10)
  14 water elementals
  5 wyverns
  2 hogs (D:10)
  41 yaks
  4 chaos spawn
  7 golden eyes
  2 basilisks
  28 fire elementals
  A hog (shapeshifter) (Abyss:4)
  A hungry ghost (D:11)
  9 neqoxecs
  Menkaure (D:7)
  20 insubstantial wisps
  19 vampire mosquitoes
  A naga (Abyss:3)
  9 wargs
  An elf skeleton (Depths:2)
  A naga (shapeshifter) (Vaults:3)
  An infernal demonspawn zombie (Crypt:1)
  2 spatial vortices (Abyss:1)
  4 acid dragons
  Edmund (D:5)
  An acid dragon (shapeshifter) (Vaults:2)
  A soldier ant (shapeshifter) (Vaults:2)
  A soldier ant (D:12)
  A torturous demonspawn skeleton (Crypt:3)
  48 hell hounds
  22 swamp worms
  5 porcupines
  5 sky beasts
  A monstrous demonspawn skeleton (Crypt:3)
  2 slaves (D:5)
  3 spiny frog zombies
  13 water moccasins
  A spiny frog skeleton (Hell)
  6 floating eyes
  11 swamp drakes
  A faun skeleton (Crypt:3)
  8 ice beasts
  A merfolk skeleton (Crypt:3)
  A meliai simulacrum (D:12)
  3 hornet zombies
  2 black bears (shapeshifter)
  15 necrophages
  36 orc warriors
  5 eyes of draining
  5 black bears
  A manticore zombie (Geh:6)
  3 phantoms
  A swamp dragon zombie (Geh:7)
  65 ogres
  A fire dragon simulacrum (Hell)
  A manticore skeleton (Crypt:3)
  A swamp dragon skeleton (Crypt:3)
  11 boggarts
  10 centaurs
  2 snapping turtle skeletons
  A rime drake zombie (Crypt:2)
  3 crocodiles
  Blork the orc (D:6)
  2 big kobolds
  24 bullfrogs
  6 elf zombies
  A wyvern zombie (D:12)
  3 earth elementals
  2 hornet simulacra
  5 scorpions
  A water moccasin skeleton (D:7)
  An orc simulacrum (Vaults:2)
  A swamp dragon simulacrum (Hell)
  19 killer bees
  37 wights
  2 howler monkeys (D:7)
  A spriggan skeleton (Crypt:3)
  9 centaur zombies
  7 electric eels
  10 crimson imps
  3 bullfrog skeletons
  5 human zombies
  43 starcursed masses
  4 jellies
  A gnoll shaman (D:4)
  11 hounds
  7 quasits
  31 small abominations
  9 orc priests
  6 centaur skeletons
  4 iron imps
  25 orc wizards
  8 iguanas
  7 hell rats (Hell)
  10 worker ants
  2 bullfrog simulacra (D:12)
  A naga zombie (Hell)
  A dwarf zombie (Crypt:2)
  A tengu zombie (Geh:2)
  An ogre skeleton (Crypt:3)
  2 hound zombies
  2 hound skeletons
  4 mummies
  Robin (D:2)
  5 gnolls (D:4)
  9 adders
  A howler monkey skeleton (D:10)
  A swamp drake zombie (Crypt:2)
  2 shadow imps
  5 white imps
  6 ufetubi
  2 oozes
  A worm zombie (Crypt:3)
  3 adder skeletons
  An adder zombie (D:8)
  A worm (D:3)
  A dart slug (D:3)
  8 leopard geckos
  83 orcs
  2 ball pythons
  A bat skeleton (Crypt:1)
  6 giant cockroaches
  14 goblins
  12 hobgoblins
  6 jackals
  24 kobolds
  8 quokkas
  2 bats
  5 frilled lizards
  A kobold skeleton (Geh:6)
  2 orc skeletons
  A quokka skeleton (D:5)
  A quokka zombie (Crypt:3)
  7 rats
  3 crawling corpses
  3 lurking horrors
  A macabre mass (Abyss:5)
  A plant (Depths:3)
  13 starspawn tentacles
  3 tentacles (Hell)
3279 creatures vanquished.

Vanquished Creatures (collateral kills)
  An Executioner (Abyss:5)
  A cacodemon (Abyss:5)
  A stone giant (Slime:3)
  Azrael (Spider:3)
  A thrashing horror (Abyss:5)
  6 large abominations (Abyss:5)
  3 orb spiders
  A wolf spider (Spider:3)
  An orc sorcerer (Vaults:4)
  An eye of devastation (Abyss:5)
  A jumping spider (Spider:4)
  A hornet (Spider:4)
  2 slime creatures (Abyss:5)
  A redback (Spider:3)
  A water elemental (Abyss:5)
  2 fire elementals (Spider:3)
  3 hell hounds (Spider:3)
  2 small abominations (Abyss:5)
  A leopard gecko (D:2)
  5 orcs
  A bat (D:1)
  8 goblins
  A hobgoblin (D:1)
  3 kobolds
49 creatures vanquished.

Vanquished Creatures (others)
  A deep elf master archer (Elf:2)
  A tentacled starspawn (Abyss:1)
  5 stone giants
  A vampire knight (Depths:2)
  A two-headed ogre (Slime:4)
  5 hell hogs
  A thrashing horror (Abyss:5)
  A deep elf knight (Elf:2)
  2 deep elf archers
  2 deep elf magi
  A wolf spider (Vaults:3)
  4 cyclopes
  A vault sentinel (Vaults:3)
  11 yaktaurs
  A tormentor (Geh:7)
  An ancient zyme (Abyss:4)
  2 jumping spiders
  A tengu conjurer (Depths:2)
  2 large abominations
  A raiju (Abyss:4)
  An insubstantial wisp (Swamp:4)
  A swamp drake (Swamp:4)
  A small abomination (Abyss:3)
  An ogre (Depths:1)
  2 boggarts (Depths:3)
  A jelly (Abyss:1)
  An orc wizard (Vaults:3)
  An ufetubus (Abyss:3)
  5 orcs
  A goblin (Bailey)
  An orc skeleton (Geh:7)
  5 fungi
  2 lurking horrors
  4 plants (Depths:3)
  53 starspawn tentacles
  4 tentacles (Hell)
  A withered plant (D:15)
130 creatures vanquished.

Grand Total: 3458 creatures vanquished

Notes
Turn   | Place    | Note
-------+----------+-------------------------------------------
     0 | D:1      | Gorglomux the Gargoyle Summoner began the quest for the Orb.
     0 | D:1      | Reached XP level 1. HP: 10/10 MP: 3/3
   170 | D:1      | Reached skill level 1 in Fighting
   538 | D:1      | Reached XP level 2. HP: 17/17 MP: 3/5
   606 | D:1      | Reached skill level 2 in Fighting
  1430 | D:1      | Learned a level 2 spell: Call Imp
  1791 | D:2      | Reached XP level 3. HP: 15/22 MP: 6/6
  2148 | D:2      | Reached skill level 3 in Fighting
  2431 | D:2      | Noticed Robin
  2435 | D:2      | Reached skill level 1 in Maces & Flails
  2701 | D:1      | Learned a level 3 spell: Call Canine Familiar
  2728 | D:2      | Killed Robin
  2754 | D:2      | Reached XP level 4. HP: 16/28 MP: 2/7
  3454 | D:3      | Found a stormy altar of Qazlal.
  3758 | D:4      | Reached XP level 5. HP: 23/33 MP: 1/8
  3894 | D:4      | Reached skill level 4 in Fighting
  4165 | D:4      | Reached skill level 3 in Maces & Flails
  4246 | D:4      | Found a shadowy altar of Dithmenos.
  4398 | D:4      | Reached XP level 6. HP: 25/39 MP: 9/9
  4491 | D:4      | Found a staircase to the Ecumenical Temple.
  4562 | Temple   | Entered the Ecumenical Temple
  4663 | Temple   | Became a worshipper of Trog the Wrathful
  4742 | D:4      | Reached skill level 5 in Fighting
  4918 | D:4      | Reached skill level 1 in Armour
  4941 | D:4      | Reached XP level 7. HP: 27/44 MP: 10/10
  5627 | D:5      | Entered Level 5 of the Dungeon
  5709 | D:5      | Noticed Edmund
  5729 | D:5      | Killed Edmund
  5729 | D:5      | Reached skill level 6 in Fighting
  5729 | D:5      | Reached skill level 3 in Armour
  5838 | D:5      | Found a sand-covered staircase.
  5843 | D:5      | Noticed Pikel
  5861 | D:5      | Reached XP level 8. HP: 45/52 MP: 11/11
  5873 | D:5      | Killed Pikel
  5873 | D:5      | Reached skill level 7 in Fighting
  5873 | D:5      | Reached skill level 6 in Maces & Flails
  5997 | Ossuary  | Entered an ossuary
  6056 | Ossuary  | Reached * piety under Trog
  6179 | Ossuary  | Reached XP level 9. HP: 59/59 MP: 12/12
  6196 | Ossuary  | Reached skill level 8 in Fighting
  6300 | Ossuary  | Reached skill level 6 in Armour
  6518 | D:5      | Noticed Grinder
  6526 | D:5      | Killed Grinder
  7221 | D:6      | Reached ** piety under Trog
  7307 | D:6      | Noticed Sigmund
  7314 | D:6      | Reached skill level 9 in Fighting
  7330 | D:6      | Killed Sigmund
  7364 | D:6      | Found a sacrificial altar of Ru.
  7570 | D:6      | Found Wusiol's Weapon Emporium.
  7571 | D:6      | Noticed Blork the orc
  7580 | D:6      | Killed Blork the orc
  7580 | D:6      | Reached XP level 10. HP: 52/66 MP: 13/13
  8035 | D:7      | Noticed Menkaure
  8043 | D:7      | Killed Menkaure
  8129 | D:7      | Found Memutaw's Weapon Shop.
  8305 | D:7      | Found a flagged portal.
  8326 | Bailey   | Entered a bailey
  8416 | Bailey   | Noticed an orc knight
  8435 | Bailey   | Killed an orc knight
  8644 | Bailey   | Reached *** piety under Trog
  8841 | D:7      | Reached skill level 10 in Fighting
  9294 | D:7      | Reached skill level 9 in Maces & Flails
  9547 | D:8      | Found Ruihas Koru's Armour Shop.
  9555 | D:8      | Bought the scarf of the Carpenter {Regen+} for 168 gold pieces
  9626 | D:8      | Reached skill level 9 in Armour
  9709 | D:8      | Gained mutation: Your magical capacity is low. (-10% MP) [mutagenic meat]
  9710 | D:8      | Gained mutation: Your magical capacity is very low. (-20% MP) [mutagenic meat]
  9711 | D:8      | Gained mutation: You are dopey. (Int -2) [mutagenic meat]
  9712 | D:8      | Gained mutation: Armour fits poorly on your strangely shaped body. [mutagenic meat]
  9713 | D:8      | Gained mutation: You are frail. (-10% HP) [mutagenic meat]
  9714 | D:8      | Lost mutation: You are dopey. (Int -2) [potion of mutation]
  9714 | D:8      | Lost mutation: Your magical capacity is very low. (-20% MP) [potion of mutation]
  9714 | D:8      | Gained mutation: Your movements are slightly less encumbered by armour. (ER -2) [potion of mutation]
  9714 | D:8      | Lost mutation: You are frail. (-10% HP) [potion of mutation]
  9715 | D:8      | Lost mutation: Armour fits poorly on your strangely shaped body. [potion of mutation]
  9715 | D:8      | Lost mutation: Your magical capacity is low. (-10% MP) [potion of mutation]
  9715 | D:8      | Lost mutation: Your movements are slightly less encumbered by armour. (ER -2) [potion of mutation]
  9715 | D:8      | Gained mutation: Your mind is acute. (Int +2) [potion of mutation]
  9715 | D:8      | Gained mutation: You are surrounded by a mild repulsion field. (EV +2) [potion of mutation]
  9901 | D:9      | Noticed Erica
  9920 | D:9      | Killed Erica
  9961 | D:9      | Noticed Prince Ribbit
  9970 | D:9      | Killed Prince Ribbit
  9970 | D:9      | Reached XP level 11. HP: 61/73 MP: 14/14
 10070 | D:9      | Reached **** piety under Trog
 10112 | D:9      | Reached skill level 11 in Fighting
 10158 | D:9      | Noticed a two-headed ogre
 10168 | D:9      | Killed a two-headed ogre
 10768 | D:10     | Entered Level 10 of the Dungeon
 10768 | D:10     | Noticed a two-headed ogre
 10785 | D:9      | Killed a two-headed ogre
 10977 | D:10     | Reached skill level 3 in Dodging
 10987 | D:10     | Noticed nikopol's ghost (novice GrBe)
 11038 | D:10     | Killed nikopol's ghost
 11255 | D:10     | Found a staircase to the Orcish Mines.
 11261 | D:10     | Found a staircase to the Lair.
 11332 | D:10     | Noticed a two-headed ogre
 11360 | D:10     | Killed a two-headed ogre
 11763 | D:10     | Found Nulagh's Antique Weapon Shop.
 11832 | D:10     | Noticed an orc sorcerer
 11845 | D:10     | Killed an orc sorcerer
 11918 | D:10     | Reached XP level 12. HP: 76/81 MP: 15/15
 12059 | Lair:1   | Entered Level 1 of the Lair of Beasts
 12294 | Lair:1   | Reached skill level 12 in Fighting
 12410 | Lair:1   | Noticed a five-headed hydra
 12418 | Lair:1   | Killed a five-headed hydra
 12488 | Lair:1   | Noticed a six-headed hydra
 12489 | Lair:1   | Noticed Harold
 12502 | Lair:1   | Killed a six-headed hydra
 12527 | Lair:1   | Killed Harold
 13133 | Lair:2   | Found a staircase to the Swamp.
 13161 | Lair:2   | Noticed a four-headed hydra
 13186 | Lair:2   | Killed a four-headed hydra
 13186 | Lair:2   | Reached skill level 1 in Shields
 13246 | Lair:2   | Found a hole to the Spider Nest.
 13465 | Lair:2   | Identified the Guide on Displaced Curses
 13929 | Lair:3   | Noticed a four-headed hydra
 13940 | Lair:3   | Killed a four-headed hydra
 14024 | Lair:3   | Reached skill level 3 in Shields
 14106 | Lair:3   | Noticed an eight-headed hydra
 14116 | Lair:3   | Killed an eight-headed hydra
 14350 | Lair:3   | Reached skill level 13 in Fighting
 14465 | Lair:3   | Reached XP level 13. HP: 40/88 MP: 16/16
 14907 | Lair:4   | Reached skill level 12 in Armour
 15140 | Lair:4   | Reached ***** piety under Trog
 15681 | Lair:5   | Reached skill level 12 in Maces & Flails
 15781 | Lair:5   | Noticed Josephine
 15799 | Lair:5   | Killed Josephine
 16176 | Lair:5   | Found a viscous altar of Jiyva.
 16177 | Lair:5   | Found a staircase to the Slime Pits.
 16362 | Lair:5   | Got a transparent tin ring
 16363 | Lair:5   | Identified the ring "Ovva" {Wiz *Slow Dex+5 SInv Stlth+} (You found it on level 5 of the Lair of Beasts)
 16646 | Lair:6   | Entered Level 6 of the Lair of Beasts
 16802 | Lair:6   | Reached skill level 6 in Shields
 18029 | D:11     | Reached skill level 14 in Fighting
 18288 | D:11     | Gained mutation: Your large and strong wings let you fly indefinitely. [Gargoyle growth]
 18288 | D:11     | Reached XP level 14. HP: 70/96 MP: 17/17
 19603 | D:13     | Noticed Rupert
 19648 | D:13     | Killed Rupert
 19648 | D:13     | Received a gift from Trog
 20073 | D:13     | Noticed Erolcha
 20087 | D:13     | Killed Erolcha
 20145 | D:14     | Noticed Urug
 20173 | D:14     | Killed Urug
 20173 | D:14     | Reached skill level 9 in Shields
 20282 | D:14     | Found a gate to the Vaults.
 20526 | D:14     | Reached skill level 15 in Fighting
 20653 | D:14     | Reached XP level 15. HP: 103/103 MP: 18/18
 21054 | D:15     | Entered Level 15 of the Dungeon
 21139 | D:15     | Received a gift from Trog
 21311 | D:15     | Found a staircase to the Depths.
 21425 | D:15     | Found a portal to a secret trove of treasure.
 21746 | D:15     | Noticed Agnes
 21760 | D:15     | Killed Agnes
 21819 | D:15     | Found Wipeink's Book Shoppe.
 22145 | Orc:1    | Entered Level 1 of the Orcish Mines
 22401 | Orc:1    | Received a gift from Trog
 22750 | Orc:2    | Entered Level 2 of the Orcish Mines
 22750 | Orc:2    | Found a staircase to the Elven Halls.
 22753 | Orc:1    | Upgraded the game from 0.20.0-8-g6b59dc7 to 0.20.0-10-g0535bb4
 23163 | Orc:2    | Reached skill level 6 in Dodging
 23370 | Orc:2    | Reached XP level 16. HP: 84/109 MP: 19/19
 23397 | Orc:2    | Found Onageam's Antique Armour Emporium.
 23397 | Orc:2    | Found Enuheki's General Store.
 23405 | Orc:2    | Found Uwaxeci's Antique Armour Shop.
 23405 | Orc:2    | Found Plog's Antique Armour Emporium.
 23439 | Orc:2    | Reached skill level 15 in Armour
 23445 | Orc:2    | Bought a scroll of vulnerability for 120 gold pieces
 23449 | Orc:2    | Bought a shiny plate armour for 650 gold pieces
 23719 | Orc:1    | Noticed Nergalle
 23729 | Orc:1    | Killed Nergalle
 23729 | Orc:1    | Received a gift from Trog
 24058 | Spider:1 | Entered Level 1 of the Spider Nest
 24377 | Spider:1 | Reached skill level 16 in Fighting
 26315 | Spider:3 | Noticed Azrael
 26326 | Spider:2 | Reached skill level 15 in Maces & Flails
 26391 | Spider:3 | Identified 3 scrolls of acquirement
 26429 | Spider:3 | Reached ****** piety under Trog
 26436 | Spider:3 | Received a gift from Trog
 26493 | Spider:3 | Reached skill level 12 in Shields
 26496 | Spider:3 | Killed Azrael
 26745 | Spider:3 | Noticed Arachne
 26777 | Spider:3 | Killed Arachne
 26777 | Spider:3 | Reached XP level 17. HP: 74/116 MP: 20/20
 27001 | Spider:4 | Entered Level 4 of the Spider Nest
 27421 | Spider:4 | Received a gift from Trog
 27930 | Spider:4 | Reached skill level 17 in Fighting
 28017 | Spider:4 | Got a gossamer rune of Zot
 28178 | Swamp:1  | Entered Level 1 of the Swamp
 29178 | Swamp:2  | Found a shimmering altar of Xom.
 29560 | Swamp:2  | Noticed Nikola
 29574 | Swamp:2  | Killed Nikola
 29574 | Swamp:2  | Reached XP level 18. HP: 113/124 MP: 17/21
 29698 | Swamp:3  | Reached skill level 9 in Dodging
 29893 | Swamp:3  | Received a gift from Trog
 30447 | Swamp:4  | Entered Level 4 of the Swamp
 30916 | Swamp:4  | Received a gift from Trog
 30967 | Swamp:4  | Got a decaying rune of Zot
 31110 | Swamp:4  | Reached skill level 1 in Evocations
 31661 | Vaults:1 | Entered Level 1 of the Vaults
 31889 | Vaults:1 | Reached skill level 3 in Evocations
 31955 | Vaults:1 | Reached XP level 19. HP: 130/130 MP: 22/22
 32416 | Vaults:1 | Reached skill level 18 in Fighting
 32775 | Vaults:1 | Received a gift from Trog
 33234 | Vaults:1 | Received a gift from Trog
 34041 | Vaults:2 | Reached skill level 15 in Shields
 34486 | Vaults:2 | Received a gift from Trog
 34528 | Vaults:2 | Reached XP level 20. HP: 137/137 MP: 24/24
 34788 | Vaults:2 | Reached skill level 18 in Armour
 34821 | Vaults:2 | Reached skill level 6 in Evocations
 34928 | Vaults:2 | Found an opulent altar of Gozag.
 35094 | Vaults:2 | Received a gift from Trog
 35671 | Vaults:3 | Reached skill level 19 in Fighting
 35742 | Vaults:3 | Found a flickering gateway to a bazaar.
 35751 | Bazaar   | Entered a bazaar
 35783 | Bazaar   | Found Kinguc's Jewellery Emporium.
 35825 | Bazaar   | Found Arpheppy's Magic Scroll Emporium.
 35833 | Bazaar   | Bought a scroll of holy word for 97 gold pieces
 35833 | Bazaar   | Bought a scroll of enchant weapon for 97 gold pieces
 35899 | Bazaar   | Found Kaul's Gadget Emporium.
 35950 | Bazaar   | Found Negh's Jewellery Boutique.
 35958 | Bazaar   | Bought the ring "Zyas" {rF++ MR+ MP+9} for 601 gold pieces
 35958 | Bazaar   | Bought the ring "Jilel" {rC+ MP-9 Slay+6} for 459 gold pieces
 35958 | Bazaar   | Bought a +5 amulet of reflection for 494 gold pieces
 36169 | Vaults:3 | Received a gift from Trog
 36830 | Vaults:3 | Reached XP level 21. HP: 144/144 MP: 26/26
 36858 | Vaults:3 | Received a gift from Trog
 37053 | Vaults:3 | Found a staircase to the Crypt.
 37286 | Vaults:4 | Noticed Saint Roka
 37314 | Vaults:4 | Killed Saint Roka
 37564 | Vaults:4 | Noticed Aizul
 37574 | Vaults:4 | Killed Aizul
 38197 | Vaults:4 | Received a gift from Trog
 38638 | Depths:1 | Entered Level 1 of the Depths
 38665 | Depths:1 | Found a huge runed gate.
 38752 | D:15     | Reached skill level 9 in Evocations
 38951 | Depths:1 | Reached skill level 12 in Dodging
 39052 | Depths:1 | Found a huge runed gate.
 39053 | Depths:1 | Found a huge runed gate.
 39053 | Depths:1 | Found a huge runed gate.
 39053 | Depths:1 | Found a huge runed gate.
 39054 | Depths:1 | Found a gateway to Hell.
 39055 | Depths:1 | Found a huge runed gate.
 39075 | Depths:1 | Found a huge runed gate.
 39075 | Depths:1 | Found a huge runed gate.
 39076 | Depths:1 | Found a huge runed gate.
 39077 | Depths:1 | Found a huge runed gate.
 39078 | Depths:1 | Found a huge runed gate.
 39079 | Depths:1 | Found a huge runed gate.
 39080 | Depths:1 | Found a huge runed gate.
 39085 | Depths:1 | Found a one-way gate to the infinite horrors of the Abyss.
 39088 | Depths:1 | Found a huge runed gate.
 39088 | Depths:1 | Found a huge runed gate.
 39088 | Depths:1 | Found a huge runed gate.
 39088 | Depths:1 | Found a huge runed gate.
 39088 | Depths:1 | Found a huge runed gate.
 39088 | Depths:1 | Found a huge runed gate.
 39126 | Depths:1 | Found a huge runed gate.
 39127 | Depths:1 | Found a huge runed gate.
 39147 | Depths:1 | Found a huge runed gate.
 39147 | Depths:1 | Found a huge runed gate.
 39147 | Depths:1 | Found a huge runed gate.
 39147 | Depths:1 | Found a huge runed gate.
 39147 | Depths:1 | Found a huge runed gate.
 39147 | Depths:1 | Found a huge runed gate.
 39148 | Depths:1 | Found a huge runed gate.
 39262 | Depths:1 | Found a one-way gate leading to the halls of Pandemonium.
 39383 | Depths:2 | Received a gift from Trog
 39604 | Depths:2 | Reached XP level 22. HP: 152/152 MP: 28/28
 39768 | Depths:2 | Noticed Margery
 39794 | Depths:2 | Killed Margery
 39817 | Depths:2 | Reached skill level 20 in Fighting
 40455 | Depths:2 | Received a gift from Trog
 40929 | Depths:3 | Found a gateway to a ziggurat.
 41717 | Depths:3 | Found a runed door.
 42064 | Depths:3 | Received a gift from Trog
 42070 | Depths:3 | Identified the +9 battleaxe "Ejitaoso" {god gift, drain, rElec rN+} (Trog gifted it to you on level 3 of the Depths)
 42478 | Depths:3 | Found Geynupp's Jewellery Shop.
 42478 | Depths:3 | Found Locagal's Gadget Shoppe.
 42479 | Depths:3 | Found Vaifaobb's Gadget Shoppe.
 42528 | Depths:4 | Reached XP level 23. HP: 158/158 MP: 30/30
 42620 | Depths:4 | Noticed a golden dragon
 42631 | Depths:4 | Killed a golden dragon
 43139 | Depths:4 | Found Ygreh's Antique Weapon Shop.
 43213 | Depths:4 | Got a faintly glowing wooden ring
 43215 | Depths:4 | Identified the ring of the Oligarchy {rCorr rElec rN+ MR+} (You found it on level 4 of the Depths)
 43220 | Depths:4 | Got a spiked hat
 43226 | Depths:4 | Identified the +4 hat of Midsummer {Slay+3} (You acquired it on level 4 of the Depths)
 43231 | Depths:4 | Received a gift from Trog
 43317 | Depths:4 | Found Jonap's Book Boutique.
 43347 | Depths:4 | Noticed Sojobo
 43363 | Depths:4 | Killed Sojobo
 43390 | Depths:4 | Got a glittering granite ring
 43391 | Depths:4 | Identified the ring "Noyduesh" {+Blink rElec Str-4 Dex+5 SInv} (You found it on level 4 of the Depths)
 43430 | Depths:4 | Reached skill level 18 in Shields
 43554 | Depths:4 | Reached skill level 21 in Fighting
 43568 | Depths:4 | Got a coiled golden ring
 43576 | Depths:4 | Identified the ring "Biac" {rF- rC+ Str+5 SInv Stlth+} (You found it on level 4 of the Depths)
 43644 | Depths:5 | Entered Level 5 of the Depths
 43718 | Depths:5 | Noticed a golden dragon
 43730 | Depths:5 | Killed a golden dragon
 43786 | Depths:5 | Noticed a juggernaut
 43798 | Depths:5 | Killed a juggernaut
 43939 | Depths:5 | Noticed Jory
 43966 | Depths:5 | Killed Jory
 44054 | Depths:5 | Reached XP level 24. HP: 131/166 MP: 31/31
 44152 | Depths:5 | Received a gift from Trog
 44228 | Depths:5 | HP: 5/166 [iron troll (25)]
 44797 | Depths:5 | Noticed the Enchantress
 44822 | Depths:5 | Killed the Enchantress
 44927 | Depths:5 | Got faerie dragon scales
 44938 | Depths:5 | Identified the +3 faerie dragon scales {+Inv rC+ rCorr} (You took it off the Enchantress on level 5 of the Depths)
 45274 | Depths:5 | Found a gate to the Realm of Zot.
 45338 | Depths:4 | Voluntarily entered the Abyss.
 45406 | Abyss:3  | Reached skill level 12 in Evocations
 45456 | Abyss:3  | Received a gift from Trog
 45556 | Abyss:3  | Paralysed by accursed screaming for 1 turns
 45601 | Abyss:3  | Reached skill level 21 in Armour
 45631 | Abyss:3  | Gained mutation: Your body sometimes deteriorates upon taking damage. [a neqoxec]
 46018 | Abyss:3  | Received a gift from Trog
 46435 | Abyss:4  | Received a gift from Trog
 46442 | Abyss:4  | Got a polished mace {god gift}
 46467 | Abyss:4  | Gained mutation: You are clumsy. (Dex -2) [a shining eye]
 46482 | Abyss:4  | Reached XP level 25. HP: 108/172 MP: 1/32
 46505 | Abyss:4  | Found a corrupted altar of Lugonu.
 46604 | Abyss:5  | Entered Level 5 of the Abyss
 46604 | Abyss:5  | Found a corrupted altar of Lugonu.
 46752 | Abyss:5  | Lost mutation: Your body sometimes deteriorates upon taking damage. [a neqoxec]
 46754 | Abyss:5  | Gained mutation: Scrolls take you a little longer to read. [a neqoxec]
 46894 | Abyss:5  | Received a gift from Trog
 46895 | Abyss:5  | Gained mutation: Your body sometimes deteriorates upon taking damage. [a neqoxec]
 46963 | Abyss:5  | Gained mutation: You expend magic power (3 MP) to strengthen your wands. [a shining eye]
 46965 | Abyss:5  | Gained mutation: You are weak. (Str -2) [a shining eye]
 47010 | Abyss:5  | Found a corrupted altar of Lugonu.
 47054 | Abyss:5  | Got an abyssal rune of Zot
 47190 | Abyss:5  | Received a gift from Trog
 47204 | Depths:4 | Escaped the Abyss
 47557 | Temple   | Fell from the grace of Trog
 47557 | Temple   | Became a worshipper of the Shining One
 47961 | Depths:1 | Voluntarily entered the Abyss.
 47986 | Abyss:1  | Reached skill level 15 in Dodging
 47992 | Abyss:1  | Reached skill level 22 in Fighting
 48068 | Abyss:1  | Paralysed by accursed screaming for 1 turns
 48090 | Abyss:1  | Reached * piety under the Shining One
 48172 | Depths:1 | Escaped the Abyss
 48375 | Depths:1 | Voluntarily entered the Abyss.
 48740 | Abyss:1  | Reached ** piety under the Shining One
 48742 | Abyss:1  | Gained mutation: You are somewhat resistant to further mutation. [a neqoxec]
 48754 | Depths:1 | Escaped the Abyss
 49130 | Elf:1    | Entered Level 1 of the Elven Halls
 49250 | Elf:1    | Paralysed by Trog for 3 turns
 49347 | Elf:1    | Found a magical portal.
 49518 | WizLab   | Entered Doroklohe's Tomb
 49990 | WizLab   | Noticed a greater mummy
 50805 | Elf:1    | Reached skill level 1 in Invocations
 51561 | Crypt:1  | Entered Level 1 of the Crypt
 51564 | Crypt:1  | Reached *** piety under the Shining One
 51664 | Crypt:1  | Reached **** piety under the Shining One
 51678 | Crypt:1  | Reached XP level 26. HP: 171/180 MP: 33/33
 52016 | Crypt:1  | Reached skill level 3 in Invocations
 52017 | Crypt:1  | Reached ***** piety under the Shining One
 53167 | Crypt:2  | Lost mutation: You are clumsy. (Dex -2) [potion of mutation]
 53167 | Crypt:2  | Lost mutation: Your body sometimes deteriorates upon taking damage. [potion of mutation]
 53167 | Crypt:2  | Lost mutation: You expend magic power (3 MP) to strengthen your wands. [potion of mutation]
 53167 | Crypt:2  | Lost mutation: Scrolls take you a little longer to read. [potion of mutation]
 53167 | Crypt:2  | Lost mutation: You are weak. (Str -2) [potion of mutation]
 53167 | Crypt:2  | Lost mutation: You are somewhat resistant to further mutation. [potion of mutation]
 53167 | Crypt:2  | Gained mutation: You are agile. (Dex +2) [potion of mutation]
 53167 | Crypt:2  | Gained mutation: Your flesh is cold resistant. (rC+) [potion of mutation]
 53167 | Crypt:2  | Gained mutation: You are partially covered in large bone plates. (SH +4) [potion of mutation]
 53213 | Crypt:2  | Reached ****** piety under the Shining One
 53269 | Crypt:2  | Paralysed by Trog for 4 turns
 53424 | Crypt:2  | Identified a +7 sacred scourge of holy wrath {god gift} (a +5 demon whip of electrocution {god gift} blessed by the Shining One)
 53424 | Crypt:2  | Received a gift from the Shining One
 53930 | Crypt:3  | Entered Level 3 of the Crypt
 54052 | Crypt:3  | Found a staircase to the Tomb.
 54205 | Crypt:3  | Found a basalt altar of Yredelemnul.
 54525 | Crypt:3  | Noticed Frederick
 54542 | Crypt:3  | Killed Frederick
 54583 | Crypt:3  | Reached skill level 6 in Invocations
 54597 | Crypt:3  | Noticed Boris
 54606 | Crypt:3  | Noticed an ancient lich
 54610 | Crypt:3  | Killed Boris
 54626 | Crypt:3  | Killed an ancient lich
 54706 | Crypt:3  | Learned a level 2 spell: Blink
 54711 | Crypt:3  | Learned a level 4 spell: Passage of Golubria
 55130 | Crypt:3  | Got a heavily runed plate armour
 55141 | Crypt:3  | Identified the +4 plate armour of Recojana {Int+5} (You found it on level 3 of the Crypt)
 55583 | Elf:2    | Noticed Louise
 55672 | Elf:2    | Found Mosegicon's Book Shop.
 55690 | Elf:2    | Bought a book of Battle for 640 gold pieces
 55694 | Elf:2    | Learned a level 3 spell: Spectral Weapon
 55732 | Elf:2    | Found a runed gate.
 55732 | Elf:2    | Found a runed gate.
 55744 | Elf:2    | Found a runed gate.
 55780 | Elf:2    | Reached XP level 27. HP: 186/186 MP: 33/33
 55798 | Elf:2    | Noticed Roxanne
 55814 | Elf:2    | Killed Roxanne
 55823 | Elf:2    | Identified Roxanne's Guide on Moulding (You took it off Roxanne on level 2 of the Elven Halls)
 55830 | Elf:2    | Learned a level 2 spell: Passwall
 56152 | Elf:2    | Reached skill level 23 in Fighting
 56365 | Elf:2    | Killed Louise
 56603 | Elf:3    | Entered Level 3 of the Elven Halls
 56679 | Elf:3    | Identified the Tome of Freezing Confrontation
 57038 | Elf:2    | Reached skill level 9 in Invocations
 57671 | Elf:3    | Reached skill level 21 in Shields
 57793 | Elf:3    | Got a wavering marble ring
 57795 | Elf:3    | Identified the ring "Mageelib" {*Slow rElec rPois MP+9 Int-4 Dex+3} (You found it on level 3 of the Elven Halls)
 57853 | Elf:3    | Got an ancient silver ring
 57854 | Elf:3    | Identified the ring of Relativism {-Tele rC+ Dex+6 Slay+2} (You found it on level 3 of the Elven Halls)
 58454 | Slime:1  | Entered Level 1 of the Pits of Slime
 58457 | Slime:1  | Gained mutation: You are frail. (-10% HP) [a shining eye]
 59795 | Slime:4  | Lost mutation: Your mind is acute. (Int +2) [a shining eye]
 59973 | Slime:3  | Gained mutation: You are occasionally teleported next to monsters. [a shining eye]
 59975 | Slime:3  | Gained mutation: Your magical capacity is low. (-10% MP) [a shining eye]
 59978 | Slime:3  | Lost mutation: Your magical capacity is low. (-10% MP) [potion of mutation]
 59978 | Slime:3  | Lost mutation: You are partially covered in large bone plates. (SH +4) [potion of mutation]
 59978 | Slime:3  | Lost mutation: You are agile. (Dex +2) [potion of mutation]
 59978 | Slime:3  | Lost mutation: Your flesh is cold resistant. (rC+) [potion of mutation]
 59978 | Slime:3  | Lost mutation: You are frail. (-10% HP) [potion of mutation]
 59978 | Slime:3  | Lost mutation: You are occasionally teleported next to monsters. [potion of mutation]
 59978 | Slime:3  | Gained mutation: You are occasionally teleported next to monsters. [potion of mutation]
 59978 | Slime:3  | Gained mutation: Your magical capacity is low. (-10% MP) [potion of mutation]
 59978 | Slime:3  | Gained mutation: Armour fits poorly on your strangely shaped body. [potion of mutation]
 59978 | Slime:3  | Gained mutation: You have sharp toenails. [potion of mutation]
 59979 | Slime:3  | Lost mutation: You are surrounded by a mild repulsion field. (EV +2) [potion of mutation]
 59979 | Slime:3  | Lost mutation: Your magical capacity is low. (-10% MP) [potion of mutation]
 59979 | Slime:3  | Gained mutation: Your natural rate of healing is unusually fast. [potion of mutation]
 59979 | Slime:3  | Gained mutation: Your flesh is cold resistant. (rC+) [potion of mutation]
 59979 | Slime:3  | Gained mutation: You have sharp fingernails. [potion of mutation]
 60039 | Slime:4  | HP: 7/188 [stone giant[the rage of Trog] (37)]
 60041 | Slime:4  | HP: 3/188 [stone giant[the rage of Trog] (26)]
 60253 | Slime:3  | Found a viscous altar of Jiyva.
 60278 | Slime:3  | Gained mutation: You expend magic power (3 MP) to strengthen your wands. [a shining eye]
 60279 | Slime:3  | Gained mutation: You tend to lose your temper in combat. [a shining eye]
 60292 | Slime:3  | Paralysed by Trog for 4 turns
 60383 | Slime:5  | Entered Level 5 of the Pits of Slime
 60948 | Slime:4  | Gained mutation: You are frail. (-10% HP) [a shining eye]
 61475 | Slime:5  | Found a viscous altar of Jiyva.
 61497 | Slime:5  | Gained mutation: Your magical capacity is low. (-10% MP) [a shining eye]
 61518 | Slime:5  | Noticed the Royal Jelly
 61546 | Slime:5  | Killed the Royal Jelly
 61779 | Slime:5  | Got a slimy rune of Zot
 61796 | Slime:5  | Gained mutation: Your magical capacity is very low. (-20% MP) [a shining eye]
 62023 | Slime:5  | Was forgiven by Trog
 62762 | Slime:2  | Gained mutation: Scrolls take you a little longer to read. [a shining eye]
 62764 | Slime:2  | Gained mutation: Scrolls take you longer to read. [a shining eye]
 63127 | Temple   | Fell from the grace of the Shining One
 63127 | Temple   | Became a worshipper of Zin the Law-Giver
 63127 | Temple   | Reached * piety under Zin
 63127 | Temple   | Reached ** piety under Zin
 63127 | Temple   | Reached *** piety under Zin
 63127 | Temple   | Reached **** piety under Zin
 63128 | Temple   | Donated 1614 gold pieces to Zin
 63139 | Temple   | Reached ***** piety under Zin
 63463 | Depths:1 | Voluntarily entered the Abyss.
 63504 | Abyss:1  | Found a corrupted altar of Lugonu.
 63511 | Abyss:1  | Reached ****** piety under Zin
 63515 | Abyss:1  | Received a gift from Zin
 63515 | Abyss:1  | Lost mutation: You have sharp fingernails. [Zin's power]
 63515 | Abyss:1  | Lost mutation: You have sharp toenails. [Zin's power]
 63515 | Abyss:1  | Lost mutation: You tend to lose your temper in combat. [Zin's power]
 63515 | Abyss:1  | Lost mutation: Scrolls take you longer to read. [Zin's power]
 63515 | Abyss:1  | Lost mutation: Scrolls take you a little longer to read. [Zin's power]
 63515 | Abyss:1  | Lost mutation: Your flesh is cold resistant. (rC+) [Zin's power]
 63515 | Abyss:1  | Lost mutation: Armour fits poorly on your strangely shaped body. [Zin's power]
 63515 | Abyss:1  | Lost mutation: You are frail. (-10% HP) [Zin's power]
 63515 | Abyss:1  | Lost mutation: Your magical capacity is very low. (-20% MP) [Zin's power]
 63515 | Abyss:1  | Lost mutation: Your magical capacity is low. (-10% MP) [Zin's power]
 63515 | Abyss:1  | Lost mutation: Your natural rate of healing is unusually fast. [Zin's power]
 63515 | Abyss:1  | Lost mutation: You are occasionally teleported next to monsters. [Zin's power]
 63515 | Abyss:1  | Lost mutation: You expend magic power (3 MP) to strengthen your wands. [Zin's power]
 63542 | Depths:1 | Escaped the Abyss
 63840 | Temple   | Fell from the grace of Zin
 63840 | Temple   | Became a worshipper of the Shining One
 64216 | Depths:1 | Voluntarily entered the Abyss.
 64564 | Abyss:4  | Found a corrupted altar of Lugonu.
 64751 | Abyss:4  | Found a corrupted altar of Lugonu.
 65060 | Abyss:4  | Gained mutation: You are dopey. (Int -2) [a cacodemon]
 65064 | Abyss:4  | Gained mutation: You are weak. (Str -2) [a cacodemon]
 65066 | Abyss:4  | Gained mutation: You are frail. (-10% HP) [a cacodemon]
 65331 | Abyss:4  | Reached skill level 24 in Fighting
 65368 | Abyss:4  | Reached skill level 12 in Invocations
 65549 | Abyss:5  | Entered Level 5 of the Abyss
 65669 | Abyss:5  | Noticed an ancient lich
 65678 | Abyss:5  | Killed an ancient lich
 65768 | Depths:1 | Escaped the Abyss
 66224 | Hell     | Entered the Vestibule of Hell
 66224 | Hell     | Noticed Geryon
 66246 | Hell     | Killed Geryon
 66246 | Hell     | Reached skill level 24 in Armour
 66378 | Hell     | Found a gateway to the freezing wastes of Cocytus.
 66617 | Hell     | Found a gateway to the decaying netherworld of Tartarus.
 66798 | Hell     | Found a gateway to the ashen valley of Gehenna.
 66872 | Hell     | Found a gateway to the Iron City of Dis.
 67050 | Geh:1    | Entered Level 1 of Gehenna
 67928 | Geh:4    | Reached skill level 18 in Dodging
 68676 | Geh:7    | Entered Level 7 of Gehenna
 68999 | Geh:7    | Reached skill level 25 in Fighting
 69097 | Geh:7    | Noticed Asmodeus
 69119 | Geh:7    | HP: 6/173 [Asmodeus/damnation (52)]
 69121 | Geh:7    | Killed from afar by Asmodeus

Skill      XL: |  1  2  3  4  5  6  7  8  9 10 11 12 13 14 15 16 17 18 19 20 21 22 23 24 25 26 27 |
---------------+----------------------------------------------------------------------------------+-----
Fighting       | 1 2 3 4 5 6 7 9 10 11 13 14 15 16 17 18 19 20 21 22 25 | 25.0
Maces & Flails | 1 2 3 4 5 6 8 9 10 11 12 13 14 15 16 | 16.2
Armour         | 1 3 5 7 9 10 11 13 14 15 16 17 18 19 20 21 22 24 | 24.7
Dodging        | 4 6 7 8 9 10 11 12 13 14 15 16 18 | 18.3
Shields        | 4 6 9 10 12 13 14 15 16 17 18 19 20 23 | 23.0
Evocations     | 3 5 7 9 10 11 12 13 | 13.5
Invocations    | 2 7 14 | 14.6
Stealth        | |  2.1
Spellcasting   | |  2.0
Summonings     | |  3.6

Action                   |  1- 3 |  4- 6 |  7- 9 | 10-12 | 13-15 | 16-18 | 19-21 | 22-24 | 25-27 || total
-------------------------+-------+-------+-------+-------+-------+-------+-------+-------+-------++-------
Melee: Dagger            |   106 |       |       |       |       |       |       |       |       ||   106
       Whip              |   103 |    32 |       |       |       |       |       |       |     7 ||   142
       Mace              |       |   154 |    68 |       |       |       |       |       |       ||   222
       Flail             |       |       |   306 |   811 |   980 |       |       |       |       ||  2097
       Great mace        |       |       |       |     3 |       |       |       |       |   654 ||   657
       Eveningstar       |       |       |       |       |   662 |  2053 |  2104 |  2020 |   331 ||  7170
       Sacred scourge    |       |       |       |       |       |       |       |       |  3762 ||  3762
Throw: Tomahawk          |       |       |       |    14 |       |       |       |       |       ||    14
       Javelin           |       |       |       |     2 |       |       |     5 |       |     2 ||     9
 Cast: Summon Small Mamm |    21 |     4 |       |       |       |       |       |       |       ||    25
       Call Imp          |     5 |     4 |       |       |       |       |       |       |       ||     9
       Call Canine Famil |     1 |     2 |       |       |       |       |       |       |       ||     3
Invok: Burn Spellbooks   |       |     1 |       |     1 |     4 |     2 |     1 |     2 |       ||    11
       Berserk           |       |       |     2 |    14 |    25 |    13 |    10 |    12 |       ||    76
       Trog's Hand       |       |       |     1 |     6 |    14 |    14 |     8 |     9 |     6 ||    58
       Brothers in Arms  |       |       |       |       |       |     3 |     1 |       |     1 ||     5
       Divine Shield     |       |       |       |       |       |       |       |       |    12 ||    12
       Brand Weapon With |       |       |       |       |       |       |       |       |     1 ||     1
       Cleansing Flame   |       |       |       |       |       |       |       |       |    22 ||    22
       Summon Divine War |       |       |       |       |       |       |       |       |     2 ||     2
       Recite            |       |       |       |       |       |       |       |       |     1 ||     1
       Cure All Mutation |       |       |       |       |       |       |       |       |     1 ||     1
       Donate Gold       |       |       |       |       |       |       |       |       |     1 ||     1
 Abil: Evoke Berserk Rag |       |     4 |     5 |       |       |       |       |       |       ||     9
       Fly               |       |       |       |       |       |     1 |       |       |       ||     1
Evoke: Wand              |       |       |     3 |     7 |     3 |     8 |     2 |     7 |    10 ||    40
       Lamp of fire      |       |       |       |     1 |     1 |     3 |       |     2 |     1 ||     8
       Lightning rod     |       |       |       |     4 |     8 |       |     4 |     4 |     4 ||    24
       Box of beasts     |       |       |       |       |       |       |       |       |     1 ||     1
  Use: Scroll            |     4 |     1 |    10 |     6 |    20 |    10 |     5 |    12 |    23 ||    91
       Potion            |       |     1 |       |     3 |     1 |       |       |       |    19 ||    24
 Stab: Sleeping          |     4 |     4 |       |       |       |       |       |       |       ||     8
       Distracted        |       |     2 |       |       |       |       |       |       |       ||     2
       Paralysed         |       |       |     7 |     7 |       |     2 |       |       |       ||    16
       Invisible         |       |       |       |     2 |       |       |       |       |       ||     2
       Confused          |       |       |       |       |     2 |     2 |       |     1 |       ||     5
  Eat: Chunk             |     2 |    12 |    11 |    62 |    66 |    52 |    27 |    27 |    29 ||   288
       Meat ration       |     1 |       |     1 |       |       |       |     1 |     3 |     8 ||    14
       Royal jelly       |       |       |       |       |       |       |       |       |     6 ||     6
       Bread ration      |       |       |       |       |       |       |       |       |     1 ||     1
Armor: Robe              |    91 |    63 |       |       |       |       |       |       |       ||   154
       Scale mail        |       |    27 |   214 |   536 |    11 |       |       |       |       ||   788
       Chain mail        |       |       |       |       |   973 |     4 |       |       |       ||   977
       Plate armour      |       |       |       |       |       |  2056 |   845 |    49 |       ||  2950
       Ice dragon scales |       |       |       |       |       |       |       |   781 |  1279 ||  2060
       Fire dragon scale |       |       |       |       |       |       |       |       |   207 ||   207
       Skin              |       |       |       |       |       |       |       |       |     3 ||     3
Dodge: Dodged            |   166 |   141 |   133 |   507 |   612 |  1064 |   665 |   784 |  1534 ||  5606
Block: Shield            |       |       |       |    89 |   792 |  1662 |  1363 |       |       ||  3906
       Reflection        |       |       |       |       |       |       |    62 |    79 |   134 ||   275
       Large shield      |       |       |       |       |       |       |   370 |  2581 |  4081 ||  7032
       Other             |       |       |       |       |       |       |       |       |   178 ||   178
